AoeStats
← JoyStick

Black Forest

509981111Analyzed
4v4 RM · 5d ago on Sep 28, 2026· 42m 56s· 8 players
Game mode
Random Map
Map size
Large (8 player)
Population
200
Speed
Normal
Resources
Standard
Victory
Conquest
Starting age
Dark Age
Ending age
Imperial Age
RankedLock teamsTeams togetherTeam positionsShared explorationLock speedFull tech treeHidden civsTurbo modeCheats
Victory
Defeat
🇩🇪 Bohemians · Germany
1275
+19
🇬🇧 Vikings · United Kingdom
1215
+21
🇩🇪 Britons · Germany
1213
+21
🇪🇨 Burgundians · Ecuador
1212
+21
🇹🇷 Danes · Türkiye
1400
-22
🇹🇷 Franks · Türkiye
1370
-22
🇹🇷 Khmer · Türkiye
1312
-20
🇹🇷 Bohemians · Türkiye
1257
-18
Esta
10:14 Feudal Age
14:43 Castle Age
12:46 Double-Bit Axe
12:42 Horse Collar
20:45 Bow Saw
20:22 Loom
21:22 Wheelbarrow
26:04 Fervor
26:11 Hand Cart
28:27 Imperial Age
26:24 Heavy Plow
26:11 Loom
27:40 Chemistry
28:59 Padded Archer Armor
29:00 Scale Mail Armor
29:11 Forging
28:24 Pikeman
29:04 Squires
28:57 Fletching
30:11 Leather Archer Armor
30:28 Halberdier
33:03 Conscription
32:36 Houfnice
33:32 Siege Engineers
35:04 Ring Archer Armor
34:50 Chain Mail Armor
35:11 Iron Casting
35:26 Caravan
37:27 Plate Mail Armor
37:14 Sappers
40:17 Blast Furnace
40:42 Ballistics
40:33 Masonry
41:55 Murder Holes
42:18 Bodkin Arrow
fastgg
6:19 Loom
9:08 Feudal Age
9:17 Man-at-Arms
10:55 Double-Bit Axe
11:51 Horse Collar
19:21 Castle Age
17:27 Fletching
18:48 Stone Mining
18:52 Gold Mining
20:23 Bow Saw
20:14 Heavy Plow
21:57 Wheelbarrow
28:44 Imperial Age
26:42 Bodkin Arrow
26:23 Crossbowman
28:54 Ballistics
29:44 Bracer
30:49 Chemistry
31:22 Siege Engineers
32:34 Arbalester
34:57 Padded Archer Armor
35:19 Yeomen
35:20 Conscription
34:52 Town Watch
35:22 Hand Cart
35:15 Pikeman
35:55 Squires
36:32 Halberdier
37:13 Scale Mail Armor
37:23 Forging
38:50 Chain Mail Armor
40:31 Plate Mail Armor
41:09 Iron Casting
42:02 Elite Longbowman
43:55 Blast Furnace
Necrocat219
0:39 Loom
15:15 Feudal Age
16:06 Double-Bit Axe
18:08 Gold Mining
21:24 Castle Age
19:48 Gold Mining
21:35 Town Watch
22:18 Bow Saw
23:42 Gold Shaft Mining
23:12 Horse Collar
24:18 Stone Mining
32:57 Fletching
Jinxo
6:57 Double-Bit Axe
8:10 Wheelbarrow
9:26 Loom
11:12 Feudal Age
10:01 Horse Collar
15:27 Castle Age
14:04 Heavy Plow
14:38 Bow Saw
14:58 Loom
15:42 Hand Cart
22:56 Two-Man Saw
23:41 Crop Rotation
25:06 Gold Mining
28:25 Imperial Age
26:39 Fletching
27:19 Padded Archer Armor
27:51 Stone Mining
28:23 Scale Barding Armor
28:29 Forging
27:48 Cavalier
28:29 Husbandry
28:29 Treadmill Crane
30:15 Chemistry
30:42 Iron Casting
31:14 Gold Shaft Mining
31:17 Chain Barding Armor
31:17 Town Watch
32:56 Plate Barding Armor
34:05 Blast Furnace
33:51 Bodkin Arrow
34:14 Leather Archer Armor
35:18 Town Patrol
35:54 Bombard Tower
35:54 Paladin
37:08 Ballistics
36:44 Murder Holes
37:00 Masonry
43:34 Scale Mail Armor
43:29 Bodkin Arrow
Furian
11:19 Feudal Age
10:26 Loom
15:57 Castle Age
14:28 Double-Bit Axe
15:27 Loom
16:18 Wheelbarrow
17:20 Horse Collar
18:04 Bow Saw
17:48 Gold Mining
18:55 Heavy Plow
27:52 Hand Cart
28:16 Ballistics
33:53 Imperial Age
34:10 Heavy Scorpion
35:54 Chemistry
34:59 Siege Engineers
35:18 Conscription
35:15 Town Watch
36:09 Light Cavalry
37:00 Bloodlines
36:51 Husbandry
36:47 Hussar
38:27 Double Crossbow
39:37 Scale Barding Armor
39:42 Forging
JoyStick
1:07 Loom
13:22 Feudal Age
13:46 Horse Collar
13:53 Double-Bit Axe
17:10 Gold Mining
17:26 Stone Mining
21:27 Castle Age
20:05 Forging
19:55 Scale Mail Armor
20:35 Arson
23:09 Iron Casting
22:49 Chain Mail Armor
22:34 Squires
22:51 Bow Saw
22:41 Heavy Plow
23:48 Chain Mail Armor
30:22 Hamask
32:06 Iron Casting
32:40 Wheelbarrow
31:51 Town Watch
34:44 Devotion
35:01 Hand Cart
35:37 Caravan
42:08 Imperial Age
40:00 Masonry
39:46 Fletching
41:14 Gold Shaft Mining
42:09 Onager
43:52 Chemistry
Sebastian von Rumelien
10:26 Feudal Age
12:05 Double-Bit Axe
14:37 Castle Age
23:11 Wheelbarrow
22:21 Loom
23:35 Bow Saw
24:02 Stone Mining
24:02 Gold Mining
24:54 Hand Cart
25:08 Town Watch
30:01 Imperial Age
28:21 Forging
28:16 Scale Barding Armor
29:04 Gold Shaft Mining
30:02 Iron Casting
30:11 Chain Barding Armor
30:12 Fortified Wall
30:17 Cavalier
30:57 Husbandry
32:13 Blast Furnace
31:43 Conscription
33:11 Plate Barding Armor
33:29 Paladin
38:32 Town Patrol
38:24 Fletching
38:57 Ballistics
39:38 Chemistry
40:08 Bodkin Arrow
edge2147
0:53 Loom
13:14 Feudal Age
19:55 Horse Collar
20:55 Double-Bit Axe
25:51 Castle Age
31:26 Pikeman
32:06 Squires
32:24 Scale Mail Armor
32:35 Forging
41:20 Elite Skirmisher
Connection lost

Rejoining the realm…

Still unreachable

The connection could not be restored.

Session expired

The server has moved on; the page needs a fresh start.